 Dungeon Crawl Stone Soup version 0.20.0-10-g0535bb4 (webtiles) character file.

102 Hasart the Skirmisher (level 4, -1/37 HPs)
             Began as a Barachi Fighter on June 5, 2017.
             Slain by an iguana (4 damage)
             ... on level 4 of the Dungeon.
             The game lasted 00:05:21 (1398 turns).

Hasart the Skirmisher (Barachi Fighter)             Turns: 1398, Time: 00:05:22

Health: -1/37      AC:  9    Str: 17    XL:     4   Next: 77%
Magic:  4/4        EV:  8    Int: 10    God:
Gold:   99         SH:  9    Dex: 11    Spells: 3/3 levels left

rFire    + . .     SeeInvis .   a - +0 long sword
rCold    . . .     Gourm    .   c - +0 shield
rNeg     . . .     Faith    .   b - +0 scale mail
rPois    .         Spirit   .   (no helmet)
rElec    .         Reflect  .   r - +1 cloak
rCorr    .         Harm     .   (no gloves)
MR       .....                  (no boots)
Stlth    ..........             (no amulet)
Regen    0.2/turn               s - ring of protection from fire
MPRegen  0.1/turn               (no ring)

@: slow
A: +LOS, swims, slowness 1, strong legs 1
a: Hop


You were on level 4 of the Dungeon.
You were not hungry.

You visited 1 branch of the dungeon, and saw 4 of its levels.

You collected 99 gold pieces.

Inventory:

Hand Weapons
 a - a +0 long sword (weapon)
Armour
 b - a +0 scale mail (worn)
 c - a +0 shield (worn)
 r - a +1 cloak (worn)
Jewellery
 s - a ring of protection from fire (left hand)
Scrolls
 g - a scroll of magic mapping {unknown}
 j - 2 scrolls of immolation {unknown}
 k - a scroll of noise {unknown}
 n - 2 scrolls of identify {unknown}
 u - a scroll of enchant armour {unknown}
Potions
 d - a potion of might
 e - 2 potions of heal wounds {unknown}
 h - 2 potions of curing
 i - a potion of agility {unknown}
 l - a potion of degeneration {unknown}
 m - a potion of haste {unknown}
 p - a potion of mutation {unknown}
Comestibles
 f - 3 bread rations
 o - a royal jelly
 q - 2 meat rations
 t - a chunk of flesh


   Skills:
 + Level 4.1 Fighting
 * Level 3.9 Long Blades
 + Level 4.1 Armour
 + Level 2.0 Dodging
 + Level 3.7 Shields


You had 3 spell levels left.
You didn't know any spells.

Dungeon Overview and Level Annotations

Branches:
Dungeon (4/15)
 Temple: D:4-7

Altars:


Innate Abilities, Weirdness & Mutations

Shadows flee at your approach. (+LOS)
You can swim through water.
You cover ground slowly.
You can hop short distances.


Message History

The iguana barely misses you.
You riposte.
You closely miss the iguana.
The iguana is heavily wounded.
You closely miss the iguana.
The iguana is heavily wounded.
You block the iguana's attack.
The iguana bites you but does no damage.
Your scale mail prevents you from hitting the iguana.
The iguana is heavily wounded.
The iguana bites you.
* * * LOW HITPOINT WARNING * * *
You barely miss the iguana.
The iguana is heavily wounded.
You block the iguana's attack.
You hit the iguana but do no damage.
The iguana is heavily wounded.
The iguana closely misses you.
You hit the iguana but do no damage.
The iguana is heavily wounded.
The iguana bites you.
You die...

.##.##..#####
...........#
#####......$...#
...............#
...............
.............#
./..%........#
.............#
........@<...#
.$.......l...#
............##
.....#....>##
#### #######


You could see an iguana.

Vanquished Creatures
  2 adders (D:2)
  2 oozes
  A worm (D:2)
  2 dart slugs
  A leopard gecko (D:2)
  3 orcs (D:3)
  4 giant cockroaches
  6 goblins
  9 hobgoblins
  4 jackals (D:2)
  6 kobolds
  2 quokkas (D:2)
  12 bats
  4 frilled lizards
  3 rats
61 creatures vanquished.

Notes
Turn   | Place    | Note
-------+----------+-------------------------------------------
     0 | D:1      | Hasart the Barachi Fighter began the quest for the Orb.
     0 | D:1      | Reached XP level 1. HP: 18/18 MP: 1/1
    94 | D:1      | Reached XP level 2. HP: 25/25 MP: 2/2
   226 | D:1      | Reached skill level 1 in Dodging
   256 | D:1      | Reached XP level 3. HP: 26/30 MP: 3/3
  1010 | D:2      | Reached XP level 4. HP: 34/37 MP: 4/4
  1398 | D:4      | Slain by an iguana

Skill      XL: |  1  2  3  4 |
---------------+-------------+-----
Dodging        | 1 2 |  2.0
Long Blades    | 3 |  3.9
Armour         | 4 |  4.1
Fighting       | 4 |  4.1
Shields        | |  3.7

Action                   |  1- 3 |  4- 6 || total
-------------------------+-------+-------++-------
Melee: Long sword        |   158 |    70 ||   228
  Use: Potion            |       |     1 ||     1
  Eat: Chunk             |       |     3 ||     3
Armor: Scale mail        |   108 |    40 ||   148
Dodge: Dodged            |    55 |    26 ||    81
Block: Shield            |   108 |    48 ||   156
       Rpst.: Long sword |    20 |    11 ||    31
